 Dungeon Crawl Stone Soup version 0.29-a0-362-g5854e031c7 (webtiles) character file.

Game seed: 6265216449395654097

2 spaghetti the Prestidigitator (level 1, 4/13 HPs)
             Began as a Gnoll Wanderer on Apr 29, 2022.
             Quit the game on level 1 of the Dungeon.
             The game lasted 00:00:20 (33 turns).

spaghetti the Prestidigitator (Gnoll Wanderer)        Turns: 33, Time: 00:00:21

Health: 4/13       AC:  3    Str: 12    XL:     1   Next: 40%
Magic:  4/4        EV: 10    Int: 11    God:
Gold:   16         SH:  0    Dex: 10    Spells: 4/5 levels left

rFire   . . .      SeeInvis .   a - +2 dagger {short}
rCold   . . .      Faith    .   (no shield)
rNeg    . . .      Spirit   .   e - +0 leather armour
rPois   .          Reflect  .   (no helmet)
rElec   .          Harm     .   (no cloak)
rCorr   .          Rampage  .   (no gloves)
Will    .....                   (no boots)
Stlth   +.........              (no amulet)
HPRegen 0.04/turn               (no ring)
MPRegen 0.09/turn               (no ring)

@: no status effects
A: fangs 1, strong nose, distributed training
a: no special abilities


You were on level 1 of the Dungeon.
You visited 1 branch of the dungeon, and saw 1 of its levels.

You collected 16 gold pieces.


Innate Abilities, Weirdness & Mutations

You have very sharp teeth.
Your uncanny sense of smell can sniff out nearby items.
Your experience applies equally to all skills.


   Skills:
 + Level 0.0 Fighting
 + Level 0.0 Short Blades
 + Level 0.0 Long Blades
 + Level 0.0 Axes
 + Level 0.0 Maces & Flails
 + Level 0.0 Polearms
 + Level 0.0 Staves
 + Level 0.0 Slings
 + Level 0.0 Bows
 + Level 0.0 Crossbows
 + Level 6.4 Throwing
 + Level 0.0 Armour
 + Level 0.0 Dodging
 + Level 0.0 Stealth
 + Level 0.0 Shields
 + Level 0.0 Unarmed Combat
 + Level 2.6 Spellcasting
 + Level 0.0 Conjurations
 + Level 0.0 Hexes
 + Level 0.0 Summonings
 + Level 0.0 Necromancy
 + Level 0.0 Translocations
 + Level 0.0 Transmutations
 + Level 0.0 Fire Magic
 + Level 1.9 Ice Magic
 + Level 0.0 Air Magic
 + Level 0.0 Earth Magic
 + Level 0.0 Poison Magic
 + Level 0.1 Invocations
 + Level 10.3 Evocations


You had 4 spell levels left.
You knew the following spells:

 Your Spells              Type           Power      Damage    Failure   Level
a - Freeze                Ice            20%        1d4       16%         1

Your spell library contained the following spells:

 Spells                   Type           Power      Damage    Failure   Level
 Frozen Ramparts          Ice            10%        1d3       43%         3

Inventory:

Hand Weapons
 a - a +2 dagger (weapon) {short}
Missiles
 b - 3 curare-tipped darts (quivered) {=fthrowing}
Armour
 e - a +0 leather armour (worn)
Potions
 d - a potion of haste {@q3}
Miscellaneous
 c - a piece from Xom's chessboard (15/15)

Dungeon Overview and Level Annotations

Branches:
Dungeon (1/15)

Altars:

######## #.......#
#....... #.......#
#....... #.......#
#....... #.......#
#....... #.......#
####.......
#.......####..'.....<.
#............##.......
#.@......###.......
#.hhh....# #.......
#.†......# #.......
#..$.....# #.......
#........# ########
#........# #........#
#......... ....#......


You could see 3 jackals.


Message History

🤖 Initializing magus.rc ...
Options error: Delay interrupt name "hungry" not recognised. (~/.crawlrc:4761) Options error: Bad monster_list_colour key: strict_neutral (~/.crawlrc:4776) Bad channel name for runrest: 'pray:' ✅ Successfully initialized magus.rc [v1.9.6] Welcome, spaghetti the Gnoll Wanderer.
Will you prevail where others failed? Will you find the Orb of Zot?
Press ? for a list of commands and other information.
Found 16 gold pieces.
Found a staircase leading out of the dungeon.
You begin with the following items: a +2 dagger {short}, 4 curare-tipped darts {=fthrowing}, a piece from Xom's chessboard (15/15), a potion of haste {@q3}, a +0 leather armour; and the following spell memorised: Freeze; and the following spells available to memorise: Frozen Ramparts.
You now have 9 gold pieces.
You now have 16 gold pieces (gained 7).
You open the door.
There is an open door here.
A ball python comes into view.
A ball python is nearby!
A ball python is nearby!
A ball python is nearby!
You throw a curare-tipped dart {=fthrowing}.
The curare-tipped dart {=fthrowing} hits the ball python.
The ball python is poisoned.
The ball python convulses.
You kill the ball python!
No target in view!
No target in view!
No target in view!
No target in view!
No target in view! 2 jackals and an endoplasm come into view.
The jackal barks! x2
The endoplasm quivers.
You hear a shout!
A jackal comes into view.
There are monsters nearby!
There are monsters nearby!
There are monsters nearby!
There are monsters nearby!
The jackal barks!
The endoplasm closely misses you.
You hit the endoplasm. The endoplasm freezes you.
You are frozen.
You are too injured to fight recklessly!
You are too injured to fight recklessly! 😕 HP[-3]
You take 3 damage, and now have 10/13 hp.
MASSIVE DAMAGE!! (PAUSE)
You hit the endoplasm.
You kill the endoplasm!
You closely miss the jackal. The jackal barely misses you.
The jackal bites you. 😮 HP[-3]
You take 3 damage, and now have 7/13 hp.
MASSIVE DAMAGE!! (PAUSE) Unknown command.
You hit the jackal. The jackal bites you.
* * * LOW HITPOINT WARNING * * *
The jackal bites you but does no damage. 😨 HP[-3]
You take 3 damage, and now have 4/13 hp.
MASSIVE DAMAGE!! (PAUSE) Are you sure you want to abandon this character and quit the game? (Confirm with "yes".)

Skill      XL: | |
---------------+-+-----
Evocations     | | 10.3
Throwing       | |  6.4
Spellcasting   | |  2.6
Ice Magic      | |  1.9
Invocations    | |  0.1

Action                   || total
-------------------------++-------
Melee: Dagger            ||     4
Throw: Dart              ||     1
Armor: Leather armour    ||     1
Dodge: Dodged            ||     2

Levels and vault maps discovered:
D:1:      psy_arrival_statuary, layout_basic, hangedman_abyss_or_decor_stabs,
          minmay_hexomino_u4

Notes
Turn   | Place    | Note
-------+----------+-------------------------------------------
     0 | D:1      | Reached skill level 10 in Evocations
     0 | D:1      | spaghetti the Gnoll Wanderer began the quest for the Orb.
     0 | D:1      | spaghetti set off with the following items: a +2 dagger
                  | {short}, 4 curare-tipped darts {=fthrowing}, a piece from
                  | Xom's chessboard (15/15), a potion of haste {@q3}, a +0
                  | leather armour; and the following spell memorised: Freeze;
                  | and the following spells available to memorise: Frozen
                  | Ramparts
     0 | D:1      | Reached XP level 1. HP: 13/13 MP: 4/4
     0 | D:1      | magus.rc [v1.9.6]
    33 | D:1      | Quit the game

Vanquished Creatures
  A ball python (D:1)
  An endoplasm (D:1)
2 creatures vanquished.

Table legend:
 A = Non-vault XP
 B = Vault XP
 C = Vault XP percentage of total XP
 D = Non-vault monster count
 E = Vault monster count
 F = Vault count percentage of total count
                 A         B        C        D         E       F
            +---------+---------+-------+---------+---------+-------
      Total |       4 |       0 |   0.0 |       2 |       0 |   0.0
            +---------+---------+-------+---------+---------+-------
        D:1 |       4 |       0 |   0.0 |       2 |       0 |   0.0
            +---------+---------+-------+---------+---------+-------

Illustrated notes

Table legend:
 A = Kills in this place as a percentage of kills in entire the game.
 B = Kills by you in this place as a percentage of kills by you in the entire game.
 C = Kills by friends in this place as a percentage of kills by friends in the entire game.
 D = Other kills in this place as a percentage of other kills in the entire game.
 E = Experience gained in this place as a percentage of experience gained in the entire game.
 F = Experience gained in this place divided by the number of levels of this place that you have seen.
                   A       B       C       D       E      F
               +-------+-------+-------+-------+-------+----------------------
         Total | 100.0 | 100.0 |   N/A |   N/A | 100.0 |   4.0
       Dungeon | 100.0 | 100.0 |   N/A |   N/A | 100.0 |   4.0
               +-------+-------+-------+-------+-------+----------------------

Table legend: (Time is in decaauts)
 A = Elapsed time spent in this place.
 B = Non-inter-level travel time spent in this place.
 C = Inter-level travel time spent in this place.
 D = Time resting spent in this place.
 E = Time spent auto-exploring this place.
 F = Levels seen in this place.
 G = Mean time per level.
                   A        B        C        D        E       F      G
               +--------+--------+--------+--------+--------+-----+--------+
         Total |     32 |     32 |      0 |      0 |     23 |   1 |   32.0 |
       Dungeon |     32 |     32 |      0 |      0 |     23 |   1 |   32.0 |
               +--------+--------+--------+--------+--------+-----+--------+

Top non-repeatable levels by time:
     D:1: 32 daAuts
